 Dungeon Crawl Stone Soup version 0.29.0-5-ge4962eb29e (webtiles) character file.

Game seed: 9667991953022082497

137 Arum the Shield-Bearer (level 5, 0/43 HPs)
             Began as a Formicid Fighter on Aug 28, 2022.
             Was a Follower of Zin.
             Killed from afar by an orc wizard (8 damage)
             ... with a magic dart
             ... on level 3 of the Dungeon.
             The game lasted 00:03:17 (2200 turns).

Arum the Shield-Bearer (Formicid Fighter)           Turns: 2200, Time: 00:03:18

Health: 0/43       AC:  7    Str: 23    XL:     5   Next: 43%
Magic:  5/5        EV:  9    Int:  7    God:    Zin [*.....]
Gold:   117        SH:  5    Dex: 13    Spells: 4/4 levels left

rFire   . . .      SeeInvis +   a - +0 quarterstaff
rCold   . . .      Faith    .   c - +0 buckler
rNeg    . . .      Spirit   .   b - +0 scale mail
rPois   .          Reflect  .   (helmet unavailable)
rElec   .          Harm     .   (no cloak)
rCorr   .          Rampage  .   (no gloves)
Will    .....                   (no boots)
Stlth   ..........              (no amulet)
HPRegen 0.14/turn               (no ring)
MPRegen 0.09/turn               (no ring)

@: no status effects
A: permanent stasis, dig shafts and tunnels, antennae 3, four strong arms
a: Dig, Shaft Self, Renounce Religion, Recite, Donate Gold


You were on level 3 of the Dungeon.
You worshipped Zin.
Zin was aware of your devotion.
You visited 1 branch of the dungeon, and saw 3 of its levels.

You collected 129 gold pieces.
You donated 12 gold pieces to Zin.

Inventory:

Hand Weapons
 a - a +0 quarterstaff (weapon)
Armour
 b - a +0 scale mail (worn)
 c - a +0 buckler (worn)
Wands
 m - a wand of flame (15)
Scrolls
 f - a scroll of amnesia {unknown}
 h - 2 scrolls of fear {unknown}
 i - a scroll of butterflies {unknown}
 n - 2 scrolls of identify {unknown}
Potions
 d - a potion of might
 e - a potion of mutation {unknown}
 g - a potion of resistance {unknown}
 j - a potion of ambrosia {unknown}
 k - 2 potions of flight {unknown}
 l - a potion of haste {unknown}
 o - a potion of lignification {unknown}


   Skills:
 * Level 4.3 Fighting
 + Level 3.0 Staves
 + Level 4.2 Armour
 - Level 5.0 Shields


You had 4 spell levels left.
You didn't know any spells.
Your spell library contained the following spells:

 Spells                   Type           Power      Damage    Failure   Level
 Summon Guardian Golem    Hex/Summ       0%         N/A       99%         3
 Orb of Destruction       Conj           0%         9d5       100%        7
 Spellforged Servitor     Conj/Summ      0%         N/A       100%        7


Dungeon Overview and Level Annotations

Branches:
Dungeon (3/15)

Altars:
Zin


Innate Abilities, Weirdness & Mutations

You cannot be hasted, slowed, berserked, paralysed or teleported.
You can dig through walls and to a lower floor.
You have a pair of large antennae on your head. (SInv)
Your four strong arms can wield two-handed weapons with a shield.


Message History

The orc wizard gestures wildly while chanting.
The orc wizard flickers and vanishes for a moment.
Terence hits you with a +0 short sword.
You hit Terence but do no damage.
Terence is moderately wounded.
Terence barely misses you.
You hit Terence.
Terence is heavily wounded.
Terence misses you.
You hit Terence but do no damage.
Terence is heavily wounded.
Terence hits you with a +0 short sword.
You hit Terence.
Terence is severely wounded.
Terence hits you with a +0 short sword.
You hit Terence.
Terence is severely wounded.
Terence closely misses you. Terence hits you but does no damage.
You hit Terence.
You kill Terence!
Training target 5.0 for Shields reached!
Your Staves skill increases to level 3!
Your Shields skill increases to level 5!
You hit the orc.
The orc is heavily wounded.
The orc hits you with a +0 flail!
* * * LOW HITPOINT WARNING * * *
You hit the orc.
The orc is severely wounded.
The orc hits you with a +0 flail.
* * * LOW HITPOINT WARNING * * *
You barely miss the orc.
The orc is severely wounded.
You block the orc's attack.
You hit the orc.
You kill the orc!
You barely miss the orc wizard.
The orc wizard gestures at you while chanting.
The magic dart hits you!
You die...

#....†......#
#
#..>...#.####
# #...#.....#
# #.....##..#
# #..#..##..#
#....S.# .#
#.####.# .#
#)# ..# #@#
S.# #o# ....
#.# {#.. #.#
.##. ... ...
..... .....
.......


You could see an orc wizard (invisible).

Vanquished Creatures
  Jessica (D:3)
  Terence (D:3)
  An adder (D:2)
  2 worms (D:3)
  2 dart slugs (D:1)
  3 orcs (D:3)
  2 ball pythons
  6 bats
  5 endoplasms
  10 giant cockroaches
  10 goblins
  3 hobgoblins
  A quokka (D:1)
  A frilled lizard (D:3)
  5 kobolds
  4 rats
57 creatures vanquished.

Notes
Turn   | Place    | Note
-------+----------+-------------------------------------------
     0 | D:1      | Arum the Formicid Fighter began the quest for the Orb.
     0 | D:1      | Reached XP level 1. HP: 18/18 MP: 1/1
    48 | D:1      | Reached XP level 2. HP: 22/24 MP: 2/2
   458 | D:1      | Reached XP level 3. HP: 18/29 MP: 3/3
  1296 | D:2      | Found a glowing silver altar of Zin.
  1325 | D:2      | Became a worshipper of Zin the Law-Giver
  1396 | D:2      | Reached * piety under Zin
  1538 | D:2      | Reached XP level 4. HP: 37/37 MP: 4/4
  1864 | D:3      | Noticed Jessica
  1880 | D:3      | Killed Jessica
  1887 | D:3      | Reached XP level 5. HP: 26/42 MP: 5/5
  2176 | D:3      | Noticed Terence
  2195 | D:3      | Killed Terence
  2196 | D:3      | Reached skill level 5 in Shields
  2200 | D:3      | Killed from afar by an orc wizard

Illustrated notes

Levels and vault maps discovered:
D:1:      dpeg_arrival_ternary, layout_rooms, hex_medium
D:2:      minmay_roachtagon, layout_loops_ring, basic_altar,
          nicolae_kite_square_tiling_tiny
D:3:      layout_basic, uniq_jessica, uniq_terence

Skill      XL: |  1  2  3  4  5 |
---------------+----------------+-----
Armour         | 4 |  4.2
Fighting       | 4 |  4.3
Staves         | 3 |  3.0
Shields        | 5 |  5.0

Action                   |  1- 3 |  4- 6 || total
-------------------------+-------+-------++-------
Melee: Quarterstaff      |   105 |    76 ||   181
Armor: Scale mail        |    53 |    30 ||    83
Dodge: Dodged            |    55 |    35 ||    90
Block: Buckler           |    26 |    15 ||    41
